[Event "*** Titled Tuesday Blitz"]
[Site "Chess.com"]
[Date "2020.11.24"]
[Round "4"]
[White "Ural_bogatyr"]
[Black "NotFischer"]
[Result "1-0"]
[WhiteElo "2414"]
[BlackElo "2147"]
[TimeControl "180+1"]
[EndTime "10:52:21 PST"]
[Termination "Ural_bogatyr won by resignation"]

1. e4 d5 2. exd5 Nf6 3. c4 e6 4.
dxe6 Bxe6 5. Be2 Nc6 6. Nf3 Bc5 7. O-O O-O 8. d3 h6 9. Nbd2 Nd4 10. Nxd4 Bxd4 11.
Nf3 c5 12. Nxd4 Qxd4 13. Rb1 a5 14. Be3 Qd6 15. d4 cxd4 16. Qxd4 Rfd8 17. Qxd6 Rxd6 18. b3 Ne4 19. Rfc1 Rad8 20. h3 Bf5 21. Rb2 Ng5 22. c5 Rc6 23. a3 Bd3 24. Rd2 Rcc8 25. Rxd3 1-0

[Event "*** Titled Tuesday Blitz"]
[Site "Chess.com"]
[Date "2020.11.24"]
[Round "4"]
[White "temus_galaktionov"]
[Black "Harry_Rakkel"]
[Result "1-0"]
[WhiteElo "2685"]
[BlackElo "2497"]
[TimeControl "180+1"]
[EndTime "10:52:27 PST"]
[Termination "temus_galaktionov won by resignation"]

1. d4 Nf6 2. Nf3 b6 3. g3 Bb7 4. Bg2 c5 5. O-O cxd4 6. Qxd4 Nc6 7. Qd3 e6 8. c4 Be7 9. b3 O-O 10. Bb2 Qc7 11. Nc3 Rac8 12. Rfd1 Qb8 13. Nb5 Rfd8 14.
Nd6 Nb4 15. Qd2 Bxd6 16. Qxd6 Qxd6 17. Rxd6 Ne4 18. Rdd1 d5 19. a3 Na6 20. cxd5 Bxd5 21.
b4 Rc2 22. Bd4 Nc7 23. Rac1 Bb3 24. Rxc2 Bxc2 25. Rc1 1-0

[Event "*** Titled Tuesday Blitz"]
[Site "Chess.com"]
[Date "2020.11.24"]
[Round "4"]
[White "keepitcool9499"]
[Black "pooh2012"]
[Result "0-1"]
[WhiteElo "2616"]
[BlackElo "2487"]
[TimeControl "180+1"]
[EndTime "10:52:36 PST"]
[Termination "pooh2012 won by resignation"]

1. d4 Nf6 2. c4 e6 3. Nc3 Bb4 4. Bd2 O-O 5. Nf3 c5 6. e3 d6 7. a3 Ba5 8. Bd3 Nc6 9. O-O e5 10. d5 Ne7 11. e4 Ng6 12. g3 Bg4 13. Nb1 Bxd2 14. Nbxd2 h5 15. h4 Nh7 16. Qb3 Qf6 17. Nh2 Bh3 18. Rfe1 Nxh4 19. gxh4 Qg6+ 0-1

[Event "*** Titled Tuesday Blitz"]
[Site "Chess.com"]
[Date "2020.11.24"]
[Round "4"]
[White "Iskusnyh"]
[Black "Nara_Kh"]
[Result "1-0"]
[WhiteElo "2580"]
[BlackElo "2382"]
[TimeControl "180+1"]
[EndTime "10:52:36 PST"]
[Termination "Iskusnyh won by resignation"]

1. d4 d5 2. c4 c6 3. Nf3 Nf6 4. e3 Bf5 5. Nc3 a6 6. Bd2 e6 7. Nh4 Bg4 8. Qb3 b5 9. cxd5 cxd5 10. Rc1 Nfd7 11. Nf3 Qb6 12. Nxd5 exd5 13. Rc8+ Ke7 14.
Qxd5 Ra7 15. Bb4+ 1-0

[Event "*** Titled Tuesday Blitz"]
[Site "Chess.com"]
[Date "2020.11.24"]
[Round "4"]
[White "AbdAlAgathos"]
[Black "petrpalachev"]
[Result "0-1"]
[WhiteElo "2355"]
[BlackElo "2717"]
[TimeControl "180+1"]
[EndTime "10:52:38 PST"]
[Termination "petrpalachev won by resignation"]

1. e4 d6 2. d4 Nf6 3. Bd3 e5 4.
Nf3 exd4 5. Nxd4 g6 6. O-O Bg7 7. c4 O-O 8. Nc2 Nc6 9. Nc3 Re8 10. Re1 a5 11. Bg5 h6 12. Bh4 g5 13. Bg3 Nd7 14. Qd2 Nde5 15. Bf1 Be6 16. b3 h5 17. f4 gxf4 18. Bxf4 Ng6 19. Bg5 Bf6 20. Bh6 Nce5 21. h3 Qd7 22. Nd4 Kh7 23. Be3 c5 24. Nxe6 fxe6 25.
Rad1 Rad8 26. Nb5 Qg7 27. Nxd6 Rf8 28. Qxa5 Bh4 29. Re2 Nf4 30. Bxf4 Rxf4 31. Qc3 Nf3+ 32. Qxf3 Rxf3 33. Nf5 Rxd1 0-1

[Event "*** Titled Tuesday Blitz"]
[Site "Chess.com"]
[Date "2020.11.24"]
[Round "4"]
[White "ZEN-22"]
[Black "HanSchut"]
[Result "1-0"]
[WhiteElo "2437"]
[BlackElo "2202"]
[TimeControl "180+1"]
[EndTime "10:52:46 PST"]
[Termination "ZEN-22 won by resignation"]

1. e3 d5 2. Ne2 c5 3. d4 cxd4 4.
Nxd4 g6 5. h4 h5 6. c4 Nf6 7. cxd5 Nxd5 8. Bc4 Nb6 9. Bb3 Bg7 10. O-O O-O 11. Nc3 a6 12. Qf3 e5 13.
Nde2 Qxh4 14. Rd1 Nc6 15. Rd6 Bg4 16. Qe4 Bf5 17. Qxh4 1-0

[Event "*** Titled Tuesday Blitz"]
[Site "Chess.com"]
[Date "2020.11.24"]
[Round "4"]
[White "Triumphmate"]
[Black "esteban062000"]
[Result "1-0"]
[WhiteElo "2432"]
[BlackElo "2196"]
[TimeControl "180+1"]
[EndTime "10:52:50 PST"]
[Termination "Triumphmate won by resignation"]

1. e4 c5 2. Nf3 g6 3. d4 cxd4 4. Nxd4 Nc6 5. f4 Bg7 6. Nf3 d6 7. Nc3 Nf6 8. Bd3 O-O 9. O-O Bg4 10. Qe1 Rc8 11. Kh1 Nb4 12. Bd2 Nxd3 13. cxd3 Nd7 14. Qh4 Bxf3 15. Rxf3 e6 16. Qf2 Qb6 17. Be3 Nc5 18.
Rh3 Qd8 19. Bd2 h5 20. Rf1 Qf6 21. f5 exf5 22. Nd5 Qxb2 23. exf5 Rce8 24. f6 Bh8 25. Ne7+ Rxe7 26. fxe7 Kh7 27. exf8=Q 1-0

[Event "*** Titled Tuesday Blitz"]
[Site "Chess.com"]
[Date "2020.11.24"]
[Round "4"]
[White "santosalberto1987"]
[Black "FMalexhdez"]
[Result "1-0"]
[WhiteElo "2458"]
[BlackElo "2283"]
[TimeControl "180+1"]
[EndTime "10:52:53 PST"]
[Termination "santosalberto1987 won by resignation"]

1. e4 c5 2. Nf3 d6 3. Bb5+ Bd7 4.
Bxd7+ Qxd7 5. c4 Nc6 6. Nc3 g6 7. d4 cxd4 8. Nxd4 Bg7 9. Be3 Nf6 10. f3 O-O 11. Rc1 Ne5 12. b3 a6 13. Qd2 Rac8 14. O-O e6 15. Rfd1 Rfd8 16. h3 Qc7 17. f4 Ned7 18. f5 e5 19. Nde2 Nc5 20. Ng3 Qa5 21. Bg5 Rd7 22. Qf2 Ne8 23. Nd5 Bf8 24. b4 1-0

[Event "*** Titled Tuesday Blitz"]
[Site "Chess.com"]
[Date "2020.11.24"]
[Round "4"]
[White "GigaQuparadze"]
[Black "Taron_Shagbazyan"]
[Result "1-0"]
[WhiteElo "2853"]
[BlackElo "2724"]
[TimeControl "180+1"]
[EndTime "10:52:54 PST"]
[Termination "GigaQuparadze won by resignation"]

1. e4 Nf6 2. e5 Nd5 3. Nf3 d6 4. d4 Bg4 5. Be2 c6 6. O-O e6 7.
c4 Nc7 8. Bf4 d5 9. c5 Be7 10. Nc3 O-O 11. b4 Nd7 12. Re1 h6 13. h3 Bf5 14. Bh2 Bh7 15. Bd3 a5 16. Bxh7+ Kxh7 17. b5 cxb5 18. Nxb5 g6 19. Nd6 Ra7 20. Rb1 Qa8 21. Qa4 Nb8 22. h4 Kg7 23. Bf4 Nc6 24. Rb6 Nb4 25. Rb1 Rb8 26. a3 Nc6 27. Qxc6 bxc6 28.
Rxb8 1-0

[Event "*** Titled Tuesday Blitz"]
[Site "Chess.com"]
[Date "2020.11.24"]
[Round "4"]
[White "MikeSailer"]
[Black "JozefKneht"]
[Result "0-1"]
[WhiteElo "2155"]
[BlackElo "2362"]
[TimeControl "180+1"]
[EndTime "10:52:54 PST"]
[Termination "JozefKneht won by resignation"]

1. d4 Nf6 2. Nf3 g6 3. Bf4 Bg7 4. e3 O-O 5. Be2 d6 6. O-O b6 7. h3 Bb7 8. c4 c5 9. Nc3 Ne4 10.
Nxe4 Bxe4 11. a4 Nc6 12. Qd2 Rc8 13. d5 Bxf3 14. Bxf3 Na5 15. Qc2 a6 16. e4 Rb8 17.
Rfe1 b5 18. axb5 axb5 19. cxb5 Rxb5 20. e5 Qb6 21. exd6 exd6 22. Ra2 Nb3 23. Qc4 Rb4 24. Qa6 Qxa6 25. Rxa6 Rxf4 26. Rxd6 Nd4 0-1

[Event "*** Titled Tuesday Blitz"]
[Site "Chess.com"]
[Date "2020.11.24"]
[Round "4"]
[White "TurboSteen"]
[Black "Margarita2907"]
[Result "1-0"]
[WhiteElo "1982"]
[BlackElo "2234"]
[TimeControl "180+1"]
[EndTime "10:52:58 PST"]
[Termination "TurboSteen won by resignation"]

1. e4 c5 2. Nc3 a6 3. Nf3 d6 4. d4 cxd4 5. Nxd4 Nf6 6. f4 Nbd7 7. Bd3 e6 8. O-O Be7 9. Qe2 O-O 10. Kh1 Qc7 11. Bd2 b5 12. Rae1 Bb7 13. e5 Nd5 14. Ne4 dxe5 15. fxe5 Nc5 16. Nf6+ Bxf6 17. Bxh7+ Kxh7 18. exf6 Nxf6 19. Rxf6 gxf6 20. Qh5+ Kg8 21. Qg4+ Kh7 22.
Re3 1-0

[Event "*** Titled Tuesday Blitz"]
[Site "Chess.com"]
[Date "2020.11.24"]
[Round "4"]
[White "ArjunErigaisi2003"]
[Black "Marty435"]
[Result "1/2-1/2"]
[WhiteElo "2926"]
[BlackElo "2536"]
[TimeControl "180+1"]
[EndTime "10:53:02 PST"]
[Termination "Game drawn by repetition"]

1. Nf3 Nf6 2. g3 d5 3. Bg2 e6 4. O-O Be7 5. d3 O-O 6. Nbd2 c5 7. e4 Nc6 8. Qe2 b6 9. Re1 Bb7 10. h4 a5 11. c3 a4 12. e5 Nd7 13. Nf1 b5 14. a3 b4 15. N1h2 Na5 16. Bf4 Nb3 17.
Rad1 bxa3 18. bxa3 Qa5 19. Qc2 Rfc8 20. h5 c4 21. d4 Bxa3 22. Ng5 Nf8 23. h6 g6 24. Ng4 Be7 25. Nf3 Qd8 26. Qa2 Bc6 27. Rb1 a3 28. Bf1 Ba4 29. Be2 Nd7 30. Bd1 Ra6 31. Kg2 Rcc6 32.
Qe2 Rcb6 33. Qa2 Rc6 34. Qe2 Rcb6 35. Qa2 Rc6 1/2-1/2

[Event "*** Titled Tuesday Blitz"]
[Site "Chess.com"]
[Date "2020.11.24"]
[Round "4"]
[White "Sanyura"]
[Black "MIJuanReyesRosa"]
[Result "1-0"]
[WhiteElo "2533"]
[BlackElo "2084"]
[TimeControl "180+1"]
[EndTime "10:53:03 PST"]
[Termination "Sanyura won on time"]

1. d4 g6 2. Nf3 Bg7 3. h4 h5 4. c4 c6 5. e4 d5 6. e5 Nh6 7.
Nc3 O-O 8. Bxh6 Bxh6 9. cxd5 cxd5 10. Qb3 e6 11. Bd3 Nc6 12. O-O Na5 13. Qc2 Qe7 14. b4 Nc6 15. a3 Bd7 16. Nb5 Rac8 17. Qb1 a6 18. Nd6 Rc7 19. a4 Na7 20. b5 axb5 21.
axb5 Nc8 22. Ra7 Nxd6 23. exd6 Qxd6 24. Bxg6 1-0

[Event "*** Titled Tuesday Blitz"]
[Site "Chess.com"]
[Date "2020.11.24"]
[Round "4"]
[White "chito89"]
[Black "MattyDPerrine"]
[Result "0-1"]
[WhiteElo "2714"]
[BlackElo "2378"]
[TimeControl "180+1"]
[EndTime "10:53:06 PST"]
[Termination "MattyDPerrine won by resignation"]

1. e4 c5 2. Nc3 e6 3. g3 d5 4.
exd5 exd5 5. Bg2 Nf6 6. d3 h6 7. Nf3 d4 8. Ne2 Nc6 9. O-O Bd6 10. c3 dxc3 11. bxc3 O-O 12. Bf4 Nd5 13. Bxd6 Qxd6 14.
Rb1 Rb8 15. Qd2 Bf5 16. Rfd1 Rfe8 17. Rb5 Rxe2 18. Qxe2 Nxc3 19. Qb2 Nxd1 20. Qd2 Qxd3 21. Qxd3 Bxd3 0-1

[Event "*** Titled Tuesday Blitz"]
[Site "Chess.com"]
[Date "2020.11.24"]
[Round "4"]
[White "CheckThis4"]
[Black "OsorioFernando"]
[Result "0-1"]
[WhiteElo "2548"]
[BlackElo "2346"]
[TimeControl "180+1"]
[EndTime "10:53:09 PST"]
[Termination "OsorioFernando won by resignation"]

1. d4 d5 2. c4 e6 3. Nc3 f5 4. g4 fxg4 5. e4 Nf6 6. e5 Ne4 7. Qxg4 Nxc3 8. bxc3 c5 9. Bd3 dxc4 10. Qh5+ Kd7 11.
Bxc4 Nc6 12. Nf3 Kc7 13. Bg5 Be7 14. O-O g6 15. Qh6 Rf8 16. Bxe7 Qxe7 17. Ng5 Rf5 18. f4 Bd7 19. Rad1 Raf8 20. Qxh7 Rxg5+ 21. fxg5 Rxf1+ 0-1

[Event "*** Titled Tuesday Blitz"]
[Site "Chess.com"]
[Date "2020.11.24"]
[Round "4"]
[White "esapunov"]
[Black "saraswathii"]
[Result "1-0"]
[WhiteElo "2802"]
[BlackElo "2401"]
[TimeControl "180+1"]
[EndTime "10:53:11 PST"]
[Termination "esapunov won by resignation"]

1. c4 g6 2. g3 Bg7 3. Bg2 Nf6 4. Nc3 O-O 5. d4 c6 6. e4 d6 7. Nf3 Nfd7 8. Be3 Qc7 9. O-O e5 10. h3 exd4 11. Nxd4 Ne5 12. b3 Re8 13. Rc1 Na6 14.
f4 Nd7 15. Bf2 Nac5 16. Qd2 Nf6 17. Rfe1 Bd7 18. b4 Ne6 19. Nf3 b6 20. Red1 Bf8 21. e5 dxe5 22. fxe5 Bxb4 23. exf6 Rad8 24. Qb2 Bf8 25.
Ne4 Bh6 26. Rb1 c5 27. Nc3 Bc6 28. Nd5 Bxd5 29. cxd5 Ng5 30. Nxg5 Bxg5 31. h4 Be3 32. Re1 Bxf2+ 33. Qxf2 Rxe1+ 34. Rxe1 Kh8 35. Re7 1-0

[Event "*** Titled Tuesday Blitz"]
[Site "Chess.com"]
[Date "2020.11.24"]
[Round "4"]
[White "burbur555"]
[Black "TigrVShlyape"]
[Result "0-1"]
[WhiteElo "2602"]
[BlackElo "2819"]
[TimeControl "180+1"]
[EndTime "10:53:16 PST"]
[Termination "TigrVShlyape won by resignation"]

1. d4 Nf6 2. Nf3 g6 3. Bf4 Bg7 4. e3 O-O 5. Be2 b6 6. O-O Bb7 7. h3 d6 8. Bh2 Nbd7 9. a4 a6 10. c4 Re8 11. a5 bxa5 12. Nbd2 c5 13. Nb3 Bxf3 14. Bxf3 Rc8 15. Nxa5 Qb6 16. Qd2 cxd4 17.
exd4 e5 18. dxe5 Nxe5 19. Be2 Ne4 20. Qf4 f5 21. Rfb1 Bf6 22. Qe3 Qxe3 23. fxe3 Bh4 24. Bxe5 Rxe5 25. Rf1 Bg5 26. Ra3 Ng3 27. Re1 Bxe3+ 28. Kh2 Bf2 29. Rxg3 Bxe1 0-1

[Event "*** Titled Tuesday Blitz"]
[Site "Chess.com"]
[Date "2020.11.24"]
[Round "4"]
[White "Godzillator"]
[Black "Aygehovit1992"]
[Result "0-1"]
[WhiteElo "2390"]
[BlackElo "2641"]
[TimeControl "180+1"]
[EndTime "10:53:16 PST"]
[Termination "Aygehovit1992 won by resignation"]

1. d4 Nf6 2. c4 e6 3. Nc3 d5 4. cxd5 exd5 5. Bg5 c6 6. e3 Be7 7. Bd3 Nbd7 8. Qc2 Nf8 9. Nf3 Ne6 10. Bh4 h6 11. O-O Ng5 12. Ne5 Nfe4 13. Nxe4 Nxe4 14. Bxe7 Qxe7 15. Bxe4 dxe4 16. Qxe4 O-O 17. Qf4 Be6 18. Rfc1 Rfd8 19. a3 a5 20. Rc5 a4 21. Rac1 Bb3 22.
R5c3 Rd6 23. Nd3 Rf6 24. Qg3 Bd5 25. Nf4 Bb3 26. Nd3 Kh7 27. Rc5 Rg6 28. Qf3 Bd5 29.
Rxd5 cxd5 30. Nf4 Rc6 31. Rf1 Qe4 32. Nxd5 Qxf3 33. gxf3 Rc2 34. Rb1 Rac8 35. Nb4 Rc1+ 36.
Rxc1 Rxc1+ 37. Kg2 Rb1 38. Nd3 Rd1 39. Nc5 b5 40. b3 b4 41. bxa4 bxa3 42. a5 a2 0-1

[Event "*** Titled Tuesday Blitz"]
[Site "Chess.com"]
[Date "2020.11.24"]
[Round "4"]
[White "FMOlexandrProhorov"]
[Black "Aradej"]
[Result "0-1"]
[WhiteElo "2179"]
[BlackElo "2425"]
[TimeControl "180+1"]
[EndTime "10:53:17 PST"]
[Termination "Aradej won by resignation"]

1. e4 d6 2. d4 Nf6 3. Nc3 e5 4. Nf3 Nbd7 5. Bc4 Be7 6. a4 O-O 7. O-O c6 8. h3 h6 9. Re1 Re8 10. b3 exd4 11. Nxd4 Bf8 12. Ba3 Nc5 13. Qd2 Ncxe4 14.
Nxe4 Nxe4 15. Qf4 d5 16. Bxf8 Rxf8 17. Bd3 Qd6 18. Qh4 Qf6 19. Qxf6 Nxf6 20. Re2 Re8 21. Rae1 Rxe2 22. Rxe2 Kf8 23. Nf5 Bxf5 24. Bxf5 Re8 25. Rxe8+ Kxe8 26. Bc8 b6 27. Bb7 Kd7 28. f3 a5 29. Kf2 Kd6 30. Ke3 Nd7 31. Bc8 Nc5 32. g4 g5 33. Bf5 Ke5 34. Bh7 d4+ 35. Ke2 Ne6 36. Be4 Nf4+ 37. Kd2 Nxh3 38. Bxc6 Nf4 39. Be4 h5 40. gxh5 Nxh5 41. c3 Nf4 42. cxd4+ Kxd4 43. Bf5 f6 44. Bc8 Nd3 45. Bb7 Nc5 46. Bc8 Nxb3+ 0-1

[Event "*** Titled Tuesday Blitz"]
[Site "Chess.com"]
[Date "2020.11.24"]
[Round "4"]
[White "keepitcoming"]
[Black "salomez"]
[Result "1-0"]
[WhiteElo "2386"]
[BlackElo "2150"]
[TimeControl "180+1"]
[EndTime "10:53:21 PST"]
[Termination "keepitcoming won by resignation"]

1. d4 Nf6 2. c4 g6 3. Nc3 d5 4. cxd5 Nxd5 5. e4 Nxc3 6. bxc3 Bg7 7. Bc4 c5 8. Ne2 Nc6 9. Be3 O-O 10. O-O Bg4 11. f3 Na5 12. Bd3 cxd4 13. cxd4 Be6 14. d5 Bxa1 15. Qxa1 f6 16. Bh6 Re8 17. Nf4 Bd7 18.
Kh1 Rc8 19. e5 Nc4 20. e6 Bb5 21. Qe1 Qb6 22. Nxg6 hxg6 23. Bxg6 Ne5 24. Qg3 Qd4 25. Bf7+ 1-0

[Event "*** Titled Tuesday Blitz"]
[Site "Chess.com"]
[Date "2020.11.24"]
[Round "4"]
[White "smshk35"]
[Black "Meri-Arabidze"]
[Result "1-0"]
[WhiteElo "2485"]
[BlackElo "2605"]
[TimeControl "180+1"]
[EndTime "10:53:22 PST"]
[Termination "smshk35 won by resignation"]

1. e4 c5 2. Nf3 e6 3. d4 cxd4 4.
Nxd4 Nc6 5. Nc3 a6 6. a3 Nf6 7.
Nxc6 bxc6 8. e5 Nd5 9. Nxd5 cxd5 10. Bd3 Qc7 11. Bf4 Rb8 12. O-O Be7 13. Qg4 g5 14. Bxg5 Rg8 15. f4 h6 16. Qh5 hxg5 17. fxg5 Rf8 18. Rxf7 Rxf7 19. Rf1 Qc5+ 20. Kh1 Rxb2 21. Qxf7+ Kd8 22. g6 Bf8 23. Qxf8+ Qxf8 24. Rxf8+ Ke7 25. g7 Rb1+ 26. Bf1 1-0

[Event "*** Titled Tuesday Blitz"]
[Site "Chess.com"]
[Date "2020.11.24"]
[Round "4"]
[White "KononenkoD"]
[Black "QuintilianoR"]
[Result "0-1"]
[WhiteElo "2489"]
[BlackElo "2670"]
[TimeControl "180+1"]
[EndTime "10:53:26 PST"]
[Termination "QuintilianoR won by checkmate"]

1. e4 c5 2. Nf3 d6 3. d4 cxd4 4.
Nxd4 Nf6 5. Nc3 a6 6. Bc4 e6 7.
Bb3 b5 8. f4 Be7 9. f5 b4 10. Na4 e5 11. Ne2 Bb7 12. Be3 Nbd7 13. c3 a5 14. Ng3 h5 15. h4 Ng4 16. Qf3 Bxh4 17. O-O Bg5 18. Bf2 Ndf6 19. Nb6 Nxf2 20. Nxa8 N2g4 21. Ba4+ Kf8 22. Qd3 Be3+ 23. Kh1 Nxe4 24.
Nxe4 Qh4# 0-1

[Event "*** Titled Tuesday Blitz"]
[Site "Chess.com"]
[Date "2020.11.24"]
[Round "4"]
[White "CM_rui"]
[Black "WonderChampion"]
[Result "1-0"]
[WhiteElo "2378"]
[BlackElo "2046"]
[TimeControl "180+1"]
[EndTime "10:53:27 PST"]
[Termination "CM_rui won by resignation"]

1. e4 c5 2. Nf3 g6 3. c4 Bg7 4.
d4 cxd4 5. Nxd4 Nc6 6. Be3 d6 7.
Nc3 Nf6 8. Be2 O-O 9. O-O Bd7 10. Rc1 Rc8 11. f3 Ne5 12. b3 Nc6 13. Kh1 b6 14. Qd2 Rb8 15. Rfd1 Qc7 16. Nd5 Qb7 17. Bh6 Bxh6 18. Nxf6+ exf6 19. Qxh6 Rfe8 20. Nb5 Re6 21. Nxd6 Qc7 22. Nxf7 Kxf7 23. Qxh7+ Kf8 24. Rxd7 1-0

[Event "*** Titled Tuesday Blitz"]
[Site "Chess.com"]
[Date "2020.11.24"]
[Round "4"]
[White "JRenatoMaranhao"]
[Black "Lysiak_Poltorak"]
[Result "1-0"]
[WhiteElo "1902"]
[BlackElo "2355"]
[TimeControl "180+1"]
[EndTime "10:53:33 PST"]
[Termination "JRenatoMaranhao won by resignation"]

1. e4 c5 2. Nf3 Nc6 3. d4 cxd4 4. Nxd4 Nf6 5. Nc3 e5 6. Ndb5 d6 7. Bg5 a6 8. Na3 b5 9. Nd5 Be7 10. Bxf6 Bxf6 11. c3 Ne7 12. Nxf6+ gxf6 13. Qd2 Bb7 14. O-O-O Bxe4 15. Qxd6 Nf5 16. Qb4 Bd5 17. Nxb5 Ne7 18.
Nd6+ Kf8 19. Nf5 Rb8 20. Qxe7+ Qxe7 21. Nxe7 Kxe7 22. Rxd5 Rb5 1-0

[Event "*** Titled Tuesday Blitz"]
[Site "Chess.com"]
[Date "2020.11.24"]
[Round "4"]
[White "ShapkinAnatoliy"]
[Black "RD4ever"]
[Result "0-1"]
[WhiteElo "2650"]
[BlackElo "2827"]
[TimeControl "180+1"]
[EndTime "10:53:34 PST"]
[Termination "RD4ever won by resignation"]

1. d4 d5 2. c4 e6 3. Nf3 Nf6 4. g3 dxc4 5. Bg2 Bd7 6. Ne5 Bc6 7.
Nxc6 Nxc6 8. O-O Qd7 9. e3 Rd8 10. Qa4 Nb4 11. Qxd7+ Rxd7 12. Na3 c5 13. dxc5 Bxc5 14.
Nxc4 Nd3 15. a3 Ke7 16. b4 Bb6 17. Nxb6 axb6 18. Rd1 Ng4 19. f3 Nge5 20. a4 Ra8 21. b5 Nxc1 22. Rd5 Rxd5 0-1

[Event "*** Titled Tuesday Blitz"]
[Site "Chess.com"]
[Date "2020.11.24"]
[Round "4"]
[White "Omk124"]
[Black "kleopl"]
[Result "0-1"]
[WhiteElo "2350"]
[BlackElo "2519"]
[TimeControl "180+1"]
[EndTime "10:53:34 PST"]
[Termination "kleopl won by resignation"]

1. e4 c6 2. c4 d5 3. exd5 cxd5 4. cxd5 Nf6 5. Nc3 g6 6. Nf3 Bg7 7. Bc4 O-O 8. O-O Bg4 9. h3 Bxf3 10. Qxf3 Nbd7 11.
d3 Rc8 12. Be3 a6 13. a4 Ne5 14. Qe2 Ne8 15. Bd4 Qc7 16. Rfe1 Nf3+ 17. Qxf3 Bxd4 18.
d6 Qxd6 19. Qxb7 Nc7 20. Ne4 Qf4 21. g3 Qe5 22. Rab1 Rb8 23. Qc6 Rfd8 24. b4 Rb6 25. Nf6+ exf6 26. Bxf7+ Kg7 27. Qxb6 Qxg3+ 28. Kh1 Qxh3+ 29.
Kg1 Bxb6 0-1

[Event "*** Titled Tuesday Blitz"]
[Site "Chess.com"]
[Date "2020.11.24"]
[Round "4"]
[White "ChessicallyInclined"]
[Black "Guachiney"]
[Result "1/2-1/2"]
[WhiteElo "2525"]
[BlackElo "2756"]
[TimeControl "180+1"]
[EndTime "10:53:35 PST"]
[Termination "Game drawn by repetition"]

1. d4 Nf6 2. c4 g6 3. Nc3 d5 4. Nf3 Bg7 5. Qb3 dxc4 6. Qxc4 O-O 7. e4 Be6 8. d5 Bc8 9. Be2 c6 10. O-O cxd5 11. exd5 Nbd7 12. Rd1 Ne8 13. Qh4 Nd6 14. Bd3 Nc5 15. Bh6 Nxd3 16. Bxg7 Kxg7 17. Rxd3 Nf5 18. Qg5 h6 19. Qd2 Bd7 20. Re1 Rc8 21. Ne4 Nd6 22. b3 Nxe4 23. Rxe4 Bf5 24. Rh4 g5 25. Nxg5 Bxd3 26. Ne6+ fxe6 27. Qxh6+ Kf7 28. Rf4+ Bf5 29. dxe6+ Kg8 30. Qg5+ Kh8 31. Rh4+ Bh7 32. Rxh7+ Kxh7 33. Qh5+ Kg7 34. Qg5+ Kh7 35. Qh5+ Kg7 36. Qg5+ Kh7 1/2-1/2

[Event "*** Titled Tuesday Blitz"]
[Site "Chess.com"]
[Date "2020.11.24"]
[Round "4"]
[White "JoliyRoger"]
[Black "GAusal"]
[Result "0-1"]
[WhiteElo "2361"]
[BlackElo "2030"]
[TimeControl "180+1"]
[EndTime "10:53:35 PST"]
[Termination "GAusal won by resignation"]

1. Nf3 d5 2. c4 d4 3. d3 c5 4. e3 Nc6 5. exd4 cxd4 6. g3 e5 7. Bg2 Bd6 8. O-O Nf6 9. b4 Nxb4 10. Nxe5 Bxe5 11. Re1 O-O 12. Rxe5 Bg4 13. Qb3 Nc6 14. Re1 Re8 15. Bd2 Rxe1+ 16. Bxe1 Qd7 17. Nd2 Bf5 18.
Rb1 Re8 19. c5 Qe7 20. Qc2 Nb4 21. Qa4 Nxd3 22. Nf3 Nxe1 23. Rxe1 Qxe1+ 24. Nxe1 Rxe1+ 0-1

[Event "*** Titled Tuesday Blitz"]
[Site "Chess.com"]
[Date "2020.11.24"]
[Round "4"]
[White "AliKa2810"]
[Black "AsaHoffmann"]
[Result "1-0"]
[WhiteElo "2592"]
[BlackElo "2390"]
[TimeControl "180+1"]
[EndTime "10:53:40 PST"]
[Termination "AliKa2810 won by resignation"]

1. d4 Nf6 2. c4 c5 3. d5 e5 4.
Nc3 d6 5. e4 Be7 6. g3 O-O 7.
Bg2 Na6 8. Nge2 Ne8 9. O-O Bd7 10. f4 Bf6 11. h4 Nec7 12. a4 Nb4 13. f5 b6 14. Be3 a6 15. Bf2 Qe7 16. Kh2 b5 17.
b3 bxc4 18. bxc4 Rab8 19. Ng1 g6 20. Be3 gxf5 21. exf5 Kh8 22. Ne4 Rg8 23. Bh3 Ne8 24. Qd2 Ng7 25. Nxf6 Nxf5 26. Nxg8 Rxg8 27. Bxf5 Bxf5 28.
Rxf5 e4 29. Qc3+ 1-0

[Event "*** Titled Tuesday Blitz"]
[Site "Chess.com"]
[Date "2020.11.24"]
[Round "4"]
[White "mikheeva86"]
[Black "Soltan49"]
[Result "0-1"]
[WhiteElo "1965"]
[BlackElo "2240"]
[TimeControl "180+1"]
[EndTime "10:53:42 PST"]
[Termination "Soltan49 won on time"]

1. e4 e6 2. d4 d5 3. e5 c5 4. c3 Nc6 5. Nf3 f6 6. Bd3 g6 7. exf6 Nxf6 8. O-O Bg7 9. Re1 O-O 10. Bg5 Qb6 11. Qb3 Qxb3 12. axb3 Bd7 13. dxc5 Rae8 14.
b4 a6 15. b5 axb5 16. Bxb5 Ne4 17. Be3 Ne5 18. Bxd7 Nxd7 19. Nbd2 Ndxc5 20. Bxc5 Nxc5 21. Ra5 Nd3 22. Rb1 Nxb2 23. Rxb2 Bxc3 24. Rab5 Bxb2 25.
Rxb2 Rf7 26. Kf1 e5 27. Ng5 Rc7 28. Ndf3 Kg7 29. Rb6 Rce7 30. Ke2 h6 31. Nh3 g5 32. g4 Rc7 33. Nhg1 Ra8 0-1

[Event "*** Titled Tuesday Blitz"]
[Site "Chess.com"]
[Date "2020.11.24"]
[Round "4"]
[White "pedromartinez91"]
[Black "VerdeNotte"]
[Result "0-1"]
[WhiteElo "2526"]
[BlackElo "2903"]
[TimeControl "180+1"]
[EndTime "10:53:44 PST"]
[Termination "VerdeNotte won by resignation"]

1. e4 c5 2. Nf3 g6 3. d4 cxd4 4.
Qxd4 Nf6 5. Bb5 a6 6. e5 axb5 7.
exf6 e6 8. O-O Nc6 9. Qd3 b4 10. c4 Qxf6 11. Nbd2 Qf5 12. Qe2 Be7 13. Ne4 O-O 14. Bg5 Bxg5 15. Nexg5 d5 16. h4 h6 17. Nh3 d4 18. Rfe1 Rd8 19. Qd2 Kg7 20. Nf4 e5 21. Nd5 Be6 22. Nxb4 Nxb4 23. Rxe5 Rxa2 24.
Rae1 Qc2 25. Qxb4 Rxb2 0-1

[Event "*** Titled Tuesday Blitz"]
[Site "Chess.com"]
[Date "2020.11.24"]
[Round "4"]
[White "Chessdude1987"]
[Black "MokshanovAlexey"]
[Result "0-1"]
[WhiteElo "2354"]
[BlackElo "2612"]
[TimeControl "180+1"]
[EndTime "10:53:44 PST"]
[Termination "MokshanovAlexey won by checkmate"]

1. e4 e6 2. d4 d5 3. Nc3 Nf6 4. e5 Nfd7 5. f4 c5 6. Nf3 Nc6 7. Be3 Be7 8. Qd2 O-O 9. dxc5 Bxc5 10. O-O-O Qa5 11. a3 Rb8 12. Kb1 b5 13. Bxc5 Nxc5 14. Bd3 b4 15. Na2 bxa3 16. b3 Nxb3 17. cxb3 Rxb3+ 18. Ka1 Qb6 19. Rb1 Na5 20. Qc2 Bd7 21.
Rhc1 Rb8 22. Nd2 Qd4+ 23. Nc3 Rb2 24. Ne2 Rxb1+ 25. Ka2 Qa1# 0-1

[Event "*** Titled Tuesday Blitz"]
[Site "Chess.com"]
[Date "2020.11.24"]
[Round "4"]
[White "LiamVrolijk"]
[Black "Zhani-Z"]
[Result "1-0"]
[WhiteElo "2799"]
[BlackElo "2518"]
[TimeControl "180+1"]
[EndTime "10:53:45 PST"]
[Termination "LiamVrolijk won by resignation"]

1. d4 Nf6 2. Nf3 d5 3. Bf4 e6 4. e3 c5 5. c3 Bd6 6. Nbd2 Bxf4 7. exf4 b6 8. Bd3 O-O 9. Qe2 a5 10. O-O Ba6 11. Bxa6 Nxa6 12. Ne5 Qc7 13. Ndf3 Nb8 14. Qb5 Rc8 15. Ng5 Rf8 16. Rfe1 Nbd7 17. Rad1 Rae8 18. g3 h6 19. Ngf3 Ne4 20. Qxd7 Qb8 21. Qb5 Re7 22.
Nc6 Qe8 23. Nxe7+ Qxe7 24. Qxb6 c4 25. Qc6 Rb8 26. Re2 Qa7 27. Qa4 Qb6 28. Ne5 Qc7 29.
Rxe4 dxe4 30. Qxc4 Qb7 31. b3 Rc8 32. Qf1 Rxc3 33. Rc1 Qc7 34. Nc4 Rxc1 35. Qxc1 h5 36. Qe1 Qc6 37. Qxa5 Qd6 38. Qe5 1-0